 Dungeon Crawl Stone Soup version 0.30-a0-808-g6e0788376e (webtiles) character file.

Game seed: 10598857611530111256

151 FexLirch the Slasher (level 5, -4/21 (40) HPs)
             Began as a Demonspawn Reaver on Feb 25, 2023.
             Slain by a worm (9 damage)
             ... on level 3 of the Dungeon.
             The game lasted 00:10:15 (2787 turns).

FexLirch the Slasher (Demonspawn Reaver)            Turns: 2787, Time: 00:10:15

HP:   -4/21 (40)    AC:  8    Str: 11 (12) XL:     5   Next: 10%
MP:   7/8           EV: 10    Int: 22      God:
Gold: 167           SH:  3    Dex: 12      Spells: 3/9 levels left

rFire   . . .      SeeInvis +    a - +0 falchion
rCold   . . .      Faith    .    l - +0 buckler
rNeg    . . .      Spirit   .    m - +1 ring mail of Divine Intervention {-Tele rElec Int+2}
rPois   .          Reflect  .    (helmet restricted)
rElec   +          Harm     .    (no cloak)
rCorr   .          Rampage  .    (no gloves)
Will    .....      NoTele   +    t - +0 pair of boots
Stlth   +                        (no amulet)
HPRegen 0.23/turn                j - ring of Tuco {Fly rElec Int+4}
MPRegen 0.11/turn                q - ring of see invisible

@: flying, very heavily drained
A: antennae 1, rugged brown scales 1
a: no special abilities


You were on level 3 of the Dungeon.
You visited 1 branch of the dungeon, and saw 4 of its levels.

You collected 167 gold pieces.

Inventory:

Hand Weapons
 a - a +0 falchion (weapon)
Missiles
 e - 39 stones
Armour
 b - a +0 leather armour
 l - a +0 buckler (worn)
 m - the +1 ring mail of Divine Intervention (worn) {-Tele rElec Int+2}
   (You found it on level 2 of the Dungeon)

   Int:       It affects your intelligence (+2).
   rElec:     It insulates you from electricity.
   -Tele:     It prevents most forms of teleportation.
 t - a +0 pair of boots (worn)
Jewellery
 j - the ring of Tuco (left hand) {Fly rElec Int+4}
   (You found it on level 2 of the Dungeon)

   [ring of flight]

   Int:       It affects your intelligence (+4).
   rElec:     It insulates you from electricity.
   Fly:       It grants you flight.
 q - a ring of see invisible (right hand)
Scrolls
 c - a scroll of fog {unknown}
 d - a scroll of silence
 h - a scroll of identify
 k - a scroll of magic mapping
 n - a scroll of teleportation {unknown}
 o - a scroll of enchant weapon
 p - a scroll of immolation {unknown}
Potions
 f - a potion of ambrosia
 g - a potion of magic
 i - 3 potions of haste {unknown}
 r - 2 potions of curing
 s - a potion of invisibility {unknown}


   Skills:
 + Level 2.6 Fighting
 * Level 3.7 Long Blades
 + Level 0.3 Armour
 + Level 2.3 Dodging
 + Level 0.5 Shields
 + Level 2.5 Spellcasting
 + Level 3.5 Conjurations
 - Level 1.0 Necromancy


You had 3 spell levels left.
You knew the following spells:

 Your Spells              Type           Power      Damage    Failure   Level
a - Kiss of Death         Conj/Necr      48%        2d9       17%         1
b - Momentum Strike       Conj/Tloc      20%        3d8       32%         2
c - Hailstorm             Conj/Ice       10%        3d5       54%         3

Your spell library contained the following spells:

 Spells                   Type           Power      Damage    Failure   Level
 Foxfire                  Conj/Fire      40%        2x1d6     22%         1
 Fireball                 Conj/Fire      5%         3d5       99%         5
 Summon Forest            Summ/Tloc      1%         N/A       100%        5
 Eringya's Noxious Bog    Tmut/Pois      1%         N/A       100%        6
 Starburst                Conj/Fire      5%         6d4       100%        6
 Summon Hydra             Summ           1%         N/A       100%        7


Dungeon Overview and Level Annotations

Branches:
Dungeon (4/15)
 Temple: D:4-7

Altars:
Qazlal

Annotations:
D:3 Sigmund


Innate Abilities, Weirdness & Mutations

You have a pair of small antennae on your head.
You are partially covered in rugged brown scales. (AC +1, +3% HP)


Message History

The worm barely misses you. The white imp gestures at you.
The puff of frost hits you.
You hit the worm.
The worm is almost dead.
The white imp gestures at you. The puff of frost hits you!
The worm closely misses you.
You are too injured to fight recklessly!
You are too injured to fight recklessly!
You are too injured to fight recklessly!
You are too injured to fight recklessly!
You are too injured to fight recklessly!
You are too injured to fight recklessly!
You are too injured to fight recklessly!
You are too injured to fight recklessly!
You are too injured to fight recklessly!
You are too injured to fight recklessly!
You are too injured to fight recklessly!
You are too injured to fight recklessly!
You are too injured to fight recklessly!
You are too injured to fight recklessly!
You are too injured to fight recklessly!
You are too injured to fight recklessly!
You are too injured to fight recklessly!
You are too injured to fight recklessly!
You are too injured to fight recklessly!
You hit the worm but do no damage.
The worm is almost dead.
The white imp hits you.
* * * LOW HITPOINT WARNING * * *
The white imp freezes you.
* * * LOW HITPOINT WARNING * * *
Casting: Kiss of Death (safe; 17% risk of failure)
Confirm with . or Enter, or press ? or * to list all spells.
Aiming: Kiss of Death (safe; 17% risk of failure)
Press: ? - help, Shift-Dir - straight line, f - white imp
Aim: a white imp (100% to hit)
The negative energy hits the white imp.
The white imp completely resists.
You feel drained. The worm bites you!
You die...

###### #.....
#######.....
#######...........
#@w...............
##5...#.###...####
###....# #.###
#.#.####.# ####
####.....#.# #...
#..........# #...
#..........# #...
#..........###...
#....#####...'!..


You could see a worm and a white imp.

Vanquished Creatures
  A gnoll (D:2)
  7 adders
  A worm (D:2)
  A dart slug (D:2)
  An orc (D:3)
  11 bats
  8 endoplasms
  6 giant cockroaches
  3 goblins
  4 hobgoblins
  3 jackals (D:2)
  7 kobolds
  A quokka (D:2)
  5 ball pythons
  6 frilled lizards
  10 rats
75 creatures vanquished.

Notes
Turn   | Place    | Note
-------+----------+-------------------------------------------
     0 | D:1      | FexLirch the Demonspawn Reaver began the quest for the Orb.
     0 | D:1      | Reached XP level 1. HP: 16/16 MP: 3/3
   203 | D:1      | Gained mutation: You have a pair of small antennae on your
                  | head. [demonic ancestry]
   203 | D:1      | Reached XP level 2. HP: 11/22 MP: 5/5
   288 | D:1      | Found a faded altar of an unknown god.
   968 | D:2      | Reached XP level 3. HP: 23/24 MP: 4/6
  1024 | D:2      | Reached skill level 1 in Necromancy
  1100 | D:2      | Learned a level 2 spell: Momentum Strike
  1112 | D:2      | Identified the ring of Tuco {Fly rElec Int+4}
  1143 | D:2      | Found a stormy altar of Qazlal.
  1249 | D:2      | Identified the +1 ring mail of Divine Intervention {-Tele
                  | rElec Int+2}
  1350 | D:2      | Learned a level 3 spell: Hailstorm
  1411 | D:2      | Reached XP level 4. HP: 25/30 MP: 7/7
  2439 | D:3      | Gained mutation: You are partially covered in rugged brown
                  | scales. (AC +1, +3% HP) [demonic ancestry]
  2439 | D:3      | Reached XP level 5. HP: 19/25 MP: 8/8
  2647 | D:3      | Noticed Sigmund
  2787 | D:3      | Slain by a worm

Illustrated notes

Levels and vault maps discovered:
D:1:      lemuel_arrival_funnel, layout_basic,
          hellmonk_ecumenical_altar_arch_garden, minmay_misc_feat_roman,
          chequers_serial_rivers_micro_e, amethyst_killhole, minmay_tall_x
D:2:      minmay_razor_zed, layout_basic, basic_altar, dk_noncrumbling_4,
          minmay_misc_feat_nine_boxes, serial_bayou_pond_e
D:3:      layout_basic, grunt_ministairs_14, uniq_sigmund
D:4:      layout_cave_pools, chequers_temple_overflow_statue_of_worship,
          serial_demonic, serial_demonic_c, serial_demonic_a, serial_demonic_c,
          serial_demonic_e, serial_demonic_b, serial_demonic_b,
          serial_demonic_f, grunt_ministairs_11

Skill      XL: |  1  2  3 |
---------------+----------+-----
Long Blades    | 3 |  3.7
Dodging        | 2 |  2.3
Necromancy     | 1 |  1.0
Fighting       | |  2.6
Armour         | |  0.3
Shields        | |  0.5
Spellcasting   | |  2.5
Conjurations   | |  3.5

Action                     |  1- 3 |  4- 6 || total
---------------------------+-------+-------++-------
  Melee: Falchion          |   136 |   145 ||   281
         Punch             |     2 |       ||     2
   Cast: Kiss of Death     |     2 |     4 ||     6
    Use: Potion            |       |     3 ||     3
         Scroll            |       |     5 ||     5
 Armour: Leather armour    |    41 |       ||    41
         Ring mail         |    13 |    80 ||    93
  Dodge: Dodged            |    74 |    97 ||   171
  Block: Buckler           |     1 |    25 ||    26

Table legend: (Time is in decaauts)
 A = Elapsed time spent in this place.
 B = Non-inter-level travel time spent in this place.
 C = Inter-level travel time spent in this place.
 D = Time resting spent in this place.
 E = Time spent auto-exploring this place.
 F = Levels seen in this place.
 G = Mean time per level.
                   A        B        C        D        E       F      G
               +--------+--------+--------+--------+--------+-----+--------+
         Total |   2834 |   2685 |    149 |     31 |   1869 |   4 |  708.5 |
       Dungeon |   2834 |   2685 |    149 |     31 |   1869 |   4 |  708.5 |
               +--------+--------+--------+--------+--------+-----+--------+

Top non-repeatable levels by time:
     D:2: 1520 daAuts
     D:1: 928 daAuts
     D:3: 364 daAuts
     D:4: 20 daAuts
